Map: Catalyst LE

Players

BananaMunkey

  • Race: Zerg Zerg
  • League: Diamond
  • Spawn Location: 5:00

Nordy - Winner!

  • Race: Protoss Protoss
  • League: Diamond
  • Spawn Location: 11:00

VOD

Have the link to the VOD?

Description

Time

  • Played on: July 18, 2018, 10:25 a.m.
  • Length: 18:15
Show
View Real Time Build Order
Export as new Build Order

BananaMunkey Zerg 

Build Orders: Pool First 

Get SALT Encoding   

  12  0:00  Drone  
  13  0:08  Drone  
  14  0:17  Extractor  
  14  0:18  Drone  
  14  0:32  Spawning Pool  
  14  0:35  Drone  
  14  0:44  Overlord  
  14  1:03  Drone x2  
  16  1:19  Queen, Metabolic Boost  
  16  1:23  Zergling x2  
  19  1:26  Zergling x2  
  19  1:30  Zergling x2  
  21  1:39  Overlord  
  21  1:51  Drone  
  22  2:14  Hatchery  
  21  2:17  Drone  
  21  2:21  Drone x2  
  24  2:29  Drone x3  
  26  2:49  Drone x2  
  26  2:51  Hatchery  
  27  2:56  Drone  
  28  3:00  Drone x2  
  30  3:07  Overlord  
  30  3:11  Overlord  
  30  3:23  Lair  
  30  3:27  Drone x2  
  32  3:34  Drone  
  32  3:35  Drone x2  
  35  3:42  Queen  
  37  3:56  Zergling x2  
  37  3:57  Zergling x8  
  37  4:00  Drone  
  37  4:02  Queen  
  45  4:14  Drone x3  
  48  4:22  Hydralisk Den  
  47  4:28  Drone x6, Extractor  
  47  4:30  Extractor  
  51  4:35  Extractor  
  50  4:59  Drone x3  
  52  5:14  Hydralisk x2  
  52  5:16  Drone  
  52  5:18  Overlord x4  
  52  5:19  Overlord x2  
  57  5:22  Muscular Augments  
  57  5:37  Hydralisk x6  
  57  5:39  Drone x2  
  71  5:50  Queen  
  73  6:06  Hydralisk x4  
  73  6:08  Drone  
  73  6:09  Drone, Hatchery  
  82  6:21  Drone x6  
  88  6:31  Pneumatized Carapace  
  88  6:37  Overseer  
  88  6:42  Evolution Chamber x2  
  86  6:53  Hydralisk x6  
  97  7:03  Overlord x4  
  80  7:46  Hydralisk x2  
  80  7:47  Hydralisk x13  
  98  7:54  Grooved Spines  
  98  7:56  Extractor x2  
  98  7:57  Drone x3  
  99  8:11  Overlord  
  99  8:12  Overlord  
  99  8:13  Overlord  
  99  8:16  Drone x3  
  99  8:17  Drone x3  
  99  8:18  Drone  
  106  8:36  Zerg Ground Armor Level 1, Zerg Missile Weapons Level 1  
  106  8:44  Roach Warren  
  106  8:46  Drone x10  
  115  8:53  Infestation Pit  
  115  8:55  Lurker Den  
  113  9:10  Hydralisk x2  
  113  9:11  Hydralisk x4  
  113  9:13  Drone x3  
  113  9:15  Drone  
  129  9:22  Drone x6  
  135  9:32  Drone x2, Extractor  
  135  9:33  Extractor  
  135  9:35  Roach x4  
  135  9:36  Glial Reconstitution  
  143  9:49  Overlord x4  
  143  9:50  Overseer  
  143  9:51  Overseer  
  143  9:54  Roach x2  
  143  9:55  Roach x2  
  143  9:59  Hive  
  151  10:14  Overlord  
  151  10:15  Overlord  
  151  10:16  Overlord  
  151  10:17  Overlord  
  151  10:24  Roach x4, Hydralisk x6  
  151  10:27  Pathogen Glands  
  171  10:30  Zerg Ground Armor Level 2  
  171  10:33  Zerg Missile Weapons Level 2  
  171  10:42  Drone x6  
  177  10:45  Drone x2  
  179  11:00  Infestor x4  
  187  11:08  Roach x6, Hatchery  
  187  11:10  Overseer  
  198  11:33  Overlord x3  
  198  11:40  Spine Crawler x3  
  198  11:41  Spine Crawler, Spore Crawler  
  143  12:39  Roach x4, Hydralisk x6  
  143  12:40  Roach x2, Hydralisk x15  
  167  12:56  Extractor  
  167  12:58  Extractor, Hydralisk x6  
  169  13:05  Hatchery  
  169  13:07  Extractor x2  
  166  13:14  Adaptive Talons  
  166  13:15  Zerg Ground Armor Level 3  
  166  13:16  Zerg Missile Weapons Level 3  
  166  13:17  Hydralisk x7  
  180  13:21  Extractor  
  180  13:23  Hatchery  
  180  13:25  Extractor  
  131  13:47  Hydralisk x13  
  121  14:11  Hydralisk  
  121  14:12  Hydralisk x8  
  123  14:29  Hydralisk x7  
  121  14:43  Hydralisk x3  
  121  14:48  Hydralisk x3  
  111  15:09  Hydralisk x4  
  111  15:10  Hydralisk  
  92  15:32  Hydralisk x4  
  90  15:36  Hydralisk  
  91  15:44  Hydralisk  
  91  15:45  Hydralisk  
  89  16:19  Hatchery  
  88  16:44  Hydralisk x3  
  71  17:22  Hydralisk x5  
Show
View Real Time Build Order
Export as new Build Order

Nordy Protoss - Winner!

Build Orders:  

Get SALT Encoding   

  12  0:01  Probe  
  13  0:13  Probe  
  14  0:20  Pylon  
  14  0:25  Probe  
  15  0:36  Probe  
  15  0:40  Gateway  
  16  0:44  Probe  
  16  0:49  Assimilator  
  17  0:52  Probe  
  18  1:05  Probe  
  19  1:17  Probe  
  20  1:20  Zealot  
  20  1:25  Gateway  
  20  1:27  Cybernetics Core  
  22  1:35  Pylon  
  22  1:42  Probe  
  23  1:56  Pylon  
  23  1:57  Probe, Assimilator  
  24  2:02  Warp Gate  
  23  2:14  Probe, Adept  
  26  2:24  Adept  
  26  2:26  Probe  
  26  2:28  Shield Battery  
  29  2:52  Nexus  
  29  3:00  Adept  
  31  3:09  Pylon  
  31  3:18  Pylon  
  31  3:26  Stargate  
  31  3:28  Sentry  
  31  3:34  Probe  
  34  3:43  Shield Battery  
  34  3:58  Probe  
  34  4:01  Void Ray  
  35  4:07  Probe  
  36  4:11  Probe  
  41  4:19  Probe  
  41  4:21  Gateway  
  41  4:23  Probe  
  43  4:31  Probe  
  44  4:35  Probe  
  45  4:41  Gateway  
  45  4:43  Probe  
  46  4:54  Probe  
  46  4:55  Probe  
  46  4:56  Void Ray  
  52  5:06  Probe  
  53  5:07  Probe  
  53  5:12  Adept x2  
  56  5:16  Probe x2  
  56  5:19  Gateway  
  58  5:24  Probe x2  
  58  5:28  Assimilator  
  59  5:30  Pylon  
  59  5:31  Assimilator  
  59  5:32  Probe  
  59  5:33  Probe  
  62  5:46  Pylon  
  62  5:48  Probe x2  
  64  6:17  Nexus  
  64  6:18  Pylon  
  64  6:19  Probe  
  64  6:20  Probe  
  64  6:21  Pylon  
  64  6:23  Void Ray  
  70  6:27  Fleet Beacon  
  70  6:32  Stargate  
  70  6:33  Probe  
  70  6:34  Probe  
  72  6:40  Shield Battery  
  72  6:43  Shield Battery  
  72  6:50  Twilight Council  
  72  6:51  Probe x2  
  74  7:03  Probe x2  
  76  7:13  Adept x4  
  76  7:14  Adept  
  87  7:15  Probe x2  
  86  7:28  Carrier x2  
  86  7:34  Adept x5  
  85  7:55  Graviton Catapult  
  85  7:56  Probe  
  92  8:07  Probe x2  
  92  8:08  Probe  
  95  8:13  Assimilator  
  95  8:18  Shield Battery  
  95  8:19  Probe, Assimilator, Shield Battery  
  97  8:20  Probe  
  97  8:26  Protoss Air Weapons Level 1  
  97  8:28  Carrier x2  
  97  8:32  Probe x2, Pylon  
  97  8:33  Probe  
  100  8:35  Pylon  
  100  8:37  Pylon  
  100  8:51  Mothership  
  112  8:58  Probe x3  
  123  9:18  Nexus  
  123  9:21  Pylon  
  123  9:24  Pylon  
  123  9:28  Shield Battery  
  123  9:36  Stargate  
  123  9:39  Carrier  
  123  9:50  Assimilator  
  123  9:52  Carrier, Charge  
  123  9:54  Assimilator  
  123  9:55  Forge  
  123  9:58  Probe  
  123  9:59  Probe  
  137  10:04  Carrier  
  137  10:06  Templar Archives  
  137  10:11  Probe  
  138  10:24  Shield Battery x2  
  138  10:26  Shield Battery  
  144  10:28  Protoss Air Weapons Level 2  
  144  10:54  Psionic Storm  
  144  10:57  Carrier  
  144  11:09  High Templar  
  152  11:15  High Templar  
  152  11:18  Carrier  
  154  11:19  Pylon  
  154  11:22  Pylon  
  154  11:23  Pylon  
  160  11:27  Pylon  
  160  11:34  Photon Cannon x2  
  160  11:36  Photon Cannon, Stalker x2  
  160  11:37  Photon Cannon  
  164  11:42  Photon Cannon  
  164  11:43  Photon Cannon  
  164  11:45  High Templar, Photon Cannon  
  166  11:47  High Templar  
  150  12:11  High Templar x3  
  156  12:22  Pylon  
  154  12:24  Pylon x2  
  128  12:38  Void Ray  
  122  12:54  High Templar x3, Carrier  
  122  12:56  Void Ray  
  134  13:15  Zealot x2  
  106  13:47  Void Ray  
  110  14:19  Void Ray  
  110  14:21  Carrier  
  108  14:51  Carrier  
  108  15:06  Carrier  
  98  15:34  Carrier  
  110  16:03  High Templar x5  
  120  16:14  Carrier  
  120  16:24  Carrier  
  132  16:35  Photon Cannon  
  132  16:36  Photon Cannon  
  126  16:55  Nexus  
  126  16:57  Pylon  
  126  16:59  Pylon  
  126  17:01  Pylon  
Tags
 
Add a new tag
Caveats
  • Supply blocks, unpowered buildings, or Contaminate may cause inaccurate times.
  • Supply counts are checked every 10 seconds.